 Dungeon Crawl Stone Soup version 0.30.1-9-gdf580d7c3d (webtiles) character file.

Game seed: 2890275134547280383

2442 lonewolfV2 the Trooper (level 9, -3/57 (72) HPs)
             Began as a Demonspawn Fighter on Oct 25, 2023.
             Slain by a wight
             ... wielding a +0 scimitar
              (11 damage)
             ... on level 7 of the Dungeon.
             The game lasted 00:10:10 (4617 turns).

lonewolfV2 the Trooper (Demonspawn Fighter)         Turns: 4617, Time: 00:10:10

HP:   -3/57 (72)    AC: 14    Str: 21    XL:     9   Next: 25%
MP:   9/9           EV:  8    Int: 10    God:
Gold: 340           SH:  4    Dex: 12    Spells: 8/8 levels left

rFire   . . .        a - +1 war axe (venom)
rCold   . . .        c - +0 buckler
rNeg    . . .        l - +0 plate armour
rPois   .            (helmet unavailable)
rElec   .            (no cloak)
rCorr   .            n - +0 pair of gloves
SInv    .            (boots unavailable)
Will    .....        (no amulet) Stlth
                     (no ring)
HPRegen 0.29/turn    (no ring)
MPRegen 0.11/turn

%: no passive effects
@: heavily drained
A: claws 1, hooves 3, horns 3, demonic guardian 1
a: no special abilities


You were on level 7 of the Dungeon.
You visited 1 branch of the dungeon, and saw 7 of its levels.

You collected 340 gold pieces.

Inventory:

Hand Weapons
 a - a +1 war axe of venom (weapon)
Armour
 b - a +0 scale mail
 c - a +0 buckler (worn)
 l - a +0 plate armour (worn)
 n - a +0 pair of gloves (worn)
Magical Staves
 m - a staff of air
Wands
 d - a wand of iceblast (5)
 p - a wand of flame (22)
Scrolls
 e - 4 scrolls of teleportation
 k - a scroll of amnesia {unknown}
Potions
 f - 2 potions of brilliance
 i - 2 potions of degeneration
 j - 2 potions of mutation
 o - 3 potions of lignification
 q - a potion of might
 r - a potion of haste
 s - a potion of invisibility
 t - a potion of flight {unknown}


   Skills:
 + Level 7.4 Fighting
 - Level 1.7 Axes
 + Level 7.0 Armour
 + Level 7.0 Dodging
 - Level 2.6 Shields


You had 8 spell levels left.
You didn't know any spells.
Your spell library contained the following spells:

 Spells                   Type           Power      Damage    Failure   Level
 Shock                    Conj/Air       0%         1d3       100%        1
 Slow                     Hex            0%         N/A       100%        1
 Sting                    Tmut/Pois      0%         1d3       100%        1
 Cigotuvi's Dreadful Rot  Necr/Pois/Air  0%         N/A       100%        2
 Ensorcelled Hibernation  Hex/Ice        0%         N/A       100%        2
 Passwall                 Tmut/Erth      0%         N/A       100%        2
 Poisonous Vapours        Pois/Air       0%         N/A       100%        2
 Confusing Touch          Hex            0%         N/A       100%        3
 Swiftness                Air            0%         N/A       100%        3
 Vampiric Draining        Necr           0%         2d6       100%        3
 Airstrike                Air            0%         2d(0-16)  100%        4
 Dispel Undead            Necr           0%         3d6       100%        4
 Olgreb's Toxic Radiance  Pois           0%         N/A       100%        4
 Death Channel            Necr           0%         N/A       100%        6


Dungeon Overview and Level Annotations

Branches:
Dungeon (7/15)
 Temple: D:4-7

Altars:
Ru
Vehumet
Yredelemnul

Shops:
D:3 !   D:6 :


Innate Abilities, Weirdness & Mutations

You have sharp fingernails.
You have hooves in place of feet.
You have a pair of large horns on your head.
A weak demonic guardian rushes to your aid.


Message History

You climb upwards.
The wight hits you from afar with a +2 halberd of protection.
You feel drained. The wight closely misses you.
There is a stone staircase leading down here.
The wight hits you but does no damage. The wight hits you with a +0 scimitar.
A demonic guardian appears!
You completely miss the wight. Your kick misses the wight. You hit the wight.
You barely miss the wight. The wight barely misses you.
The wight hits you with a +0 scimitar. The wight barely misses you.
Your ufetubus hits the wight but does no damage.
Your ufetubus closely misses the wight.
The wight hits you with a +0 great sword!
The wight hits you but does no damage.
The wight hits you with a +2 halberd of protection!
You feel drained.
Your ufetubus closely misses the wight. x2
You hit the wight but do no damage. You headbutt the wight.
The wight is lightly damaged.
You closely miss the wight. You hit the wight. Your ufetubus hits the wight.
Your ufetubus closely misses the wight.
The wight hits you but does no damage. x2
The wight hits you with a +0 great sword!
You feel drained.
Your ufetubus barely misses the wight.
Your ufetubus hits the wight.
Your ufetubus closely misses the wight.
Your ufetubus barely misses the wight.
The wight hits you with a +0 scimitar!
* * * LOW HITPOINT WARNING * * *
You feel drained.
* * * LOW HITPOINT WARNING * * *
The wight hits you but does no damage.
There is a stone staircase leading down, spattered with blood here.
Your ufetubus barely misses the wight.
Your ufetubus completely misses the wight.
You block the wight's attack. x2; Your ufetubus closely misses the wight. x2
You climb downwards.
You hear the roar of battle.
There is an entrance to a bailey on this level.
Hurry and find it before the portal closes forever!
There is a stone staircase leading up, spattered with blood here.
You barely miss the wight. Your kick misses the wight.
The wight is moderately damaged.
You hit the wight but do no damage. The wight hits you with a +0 scimitar!
You die...

.. #.### #.#..
#.#.####
#.#....# ####
#.....z##
.....+....[z@#
#.....[###.#
#<..⌠..'...#
#......#####
............#
#####.#.###>#
#.#.. .#
#.#### # #.


You could see 2 wights.

Vanquished Creatures
  A steam dragon (D:6)
  Duvessa (D:4)
  A water moccasin (D:6)
  A black bear (D:6)
  An ice beast (D:5)
  A sky beast (D:7)
  2 ogres
  A phantom (D:6)
  Blork the orc (D:4)
  A bullfrog (D:6)
  5 scorpions
  A gnoll sergeant (D:5)
  7 wights
  Dowan (D:4)
  2 howler monkeys (D:6)
  A hound (D:5)
  A jelly (D:5)
  4 orc priests
  Ijyb (D:4)
  Natasha (thrice) (D:4)
  4 orc wizards
  An iguana (D:4)
  4 gnolls (D:5)
  10 adders
  A white imp (D:5)
  A worm (D:3)
  2 dart slugs
  27 orcs
  7 endoplasms
  5 giant cockroaches
  10 hobgoblins
  A quokka (D:2)
  5 ball pythons
  3 bats
  2 frilled lizards
  6 goblins
  A goblin skeleton (D:5)
  5 kobolds
  9 rats
141 creatures vanquished.

Notes
Turn   | Place    | Note
-------+----------+-------------------------------------------
     0 | D:1      | lonewolfV2 the Demonspawn Fighter began the quest for the
                  | Orb.
     0 | D:1      | Reached XP level 1. HP: 18/18 MP: 1/1
    94 | D:1      | Discovered your monstrous ancestry.
    94 | D:1      | Gained mutation: You have large cloven feet. [demonic
                  | ancestry]
    94 | D:1      | Reached XP level 2. HP: 23/24 MP: 2/2
   322 | D:1      | Found a faded altar of an unknown god.
   614 | D:2      | Reached skill level 1 in Dodging
   614 | D:2      | Gained mutation: You have hoof-like feet. [demonic
                  | ancestry]
   614 | D:2      | Reached XP level 3. HP: 23/29 MP: 3/3
   654 | D:2      | Found a sacrificial altar of Ru.
  1564 | D:3      | Gained mutation: You have hooves in place of feet. [demonic
                  | ancestry]
  1564 | D:3      | Reached XP level 4. HP: 35/35 MP: 4/4
  1628 | D:3      | Noticed an ogre
  1634 | D:3      | Killed an ogre
  1635 | D:3      | Gained mutation: You have a pair of small horns on your
                  | head. [demonic ancestry]
  1635 | D:3      | Reached XP level 5. HP: 36/42 MP: 5/5
  1784 | D:3      | Found Rokh's Distillery.
  1975 | D:4      | Noticed Ijyb
  1988 | D:4      | Killed Ijyb
  1998 | D:4      | Gained mutation: You have a pair of horns on your head.
                  | [demonic ancestry]
  1998 | D:4      | Reached XP level 6. HP: 29/48 MP: 6/6
  2008 | D:4      | Noticed Duvessa
  2015 | D:4      | Noticed Dowan
  2025 | D:4      | Killed Duvessa
  2036 | D:4      | Killed Dowan
  2128 | D:4      | Noticed Natasha
  2135 | D:4      | Killed Natasha
  2282 | D:4      | Noticed Blork the orc
  2287 | D:4      | Killed Blork the orc
  2288 | D:4      | Gained mutation: You have a pair of large horns on your
                  | head. [demonic ancestry]
  2288 | D:4      | Reached XP level 7. HP: 32/55 MP: 7/7
  2596 | D:4      | Noticed Natasha
  2601 | D:4      | Killed Natasha
  2736 | D:4      | Reached skill level 5 in Fighting
  2759 | D:4      | Noticed Natasha
  2767 | D:4      | Killed Natasha
  3045 | D:5      | Entered Level 5 of the Dungeon
  3053 | D:5      | Reached skill level 5 in Armour
  3053 | D:5      | Reached skill level 5 in Dodging
  3346 | D:5      | Noticed a human
  3356 | D:5      | Found a runed translucent door.
  3382 | D:5      | Found a basalt altar of Yredelemnul.
  3457 | D:5      | Found a radiant altar of Vehumet.
  3477 | D:5      | Identified the +1 leather armour of Akialac {rPois rN+
                  | Str+3 Int-4}
  3483 | D:5      | Gained mutation: A weak demonic guardian rushes to your
                  | aid. [demonic ancestry]
  3483 | D:5      | Reached XP level 8. HP: 61/63 MP: 8/8
  4135 | D:6      | Found Qumes's Book Shop.
  4375 | D:6      | Gained mutation: You have sharp fingernails. [demonic
                  | ancestry]
  4375 | D:6      | Reached XP level 9. HP: 30/67 MP: 9/9
  4414 | D:7      | HP: 2/67 [wight/+3 dagger (8)]
  4617 | D:7      | Slain by a wight

Illustrated notes

Levels and vault maps discovered:
D:1:      matt_arrival_spirals, layout_rooms, serial_glass, glass_columns_a,
          glass_columns_a, glass_columns_c, glass_columns_b,
          minmay_strange_pillars, shapermc_ecumenical_altar_notcrosses,
          minmay_liquid_box, minmay_misc_feat_hallway
D:2:      layout_loops_ring, basic_altar, minmay_three_crescents
D:3:      layout_basic, serial_shops, nicolae_shop_back_alley_shop,
          minmay_fractal_squares_5
D:4:      layout_basic, portal_sewer_entry_d, uniq_ijyb, uniq_blork_the_orc,
          uniq_natasha, uniq_duvessa
D:5:      layout_rooms, dk_yredelemnul_ordeal, vehumet_crystals, serial_glass,
          glass_columns_a, glass_columns_b, lightli_minifort
D:6:      minmay_chambers_of_fours, layout_cave_pools, serial_shops, shop
D:7:      layout_basic, nicolae_dithmenos_through_a_glass_darkly,
          elyvilon_altar_3, enter_bailey_4, dreamdust_wishing_well,
          minmay_misc_feat_doors, skrybe_limestone_x, uniq_prince_ribbit1,
          uniq_pikel

Skill      XL: |  1  2  3  4  5  6  7  8  9 |
---------------+----------------------------+-----
Armour         | 3 4 5 6 7 |  7.0
Dodging        | 1 2 3 4 5 6 7 |  7.0
Fighting       | 4 5 7 |  7.4
Axes           | |  1.7
Shields        | |  2.6

Action                     |  1- 3 |  4- 6 |  7- 9 || total
---------------------------+-------+-------+-------++-------
  Melee: War axe           |    74 |    41 |   162 ||   277
         Kick              |    11 |     9 |    50 ||    70
         Headbutt          |       |     7 |    31 ||    38
  Evoke: Wand              |       |       |     2 ||     2
    Use: Scroll            |     7 |     2 |     5 ||    14
         Potion            |       |     3 |     6 ||     9
 Armour: Scale mail        |    53 |    19 |     4 ||    76
         Plate armour      |       |       |   102 ||   102
  Dodge: Dodged            |    45 |    25 |    86 ||   156
  Block: Buckler           |    19 |     6 |    46 ||    71
